 Dungeon Crawl Stone Soup version 0.31-a0-277-g31ea1f65cc (webtiles) character file.

Game seed: 12211809156131912168

106 gelatine the Chopper (level 4, -2/49 HPs)
             Began as a Demonspawn Gladiator on July 16, 2023.
             Succumbed to Dowan's poison
             ... on level 4 of the Dungeon.
             The game lasted 00:06:45 (2712 turns).

gelatine the Chopper (Demonspawn Gladiator)         Turns: 2712, Time: 00:06:46

Health: -2/49      AC:  7    Str: 16    XL:     4   Next: 55%
Magic:  4/4        EV: 12    Int:  9    God:
Gold:   107        SH:  0    Dex: 21    Spells: 3/3 levels left

rFire   . . .        a - +0 war axe
rCold   . . .        (no shield)
rNeg    . . .        w - +0 ring mail
rPois   +            c - +0 helmet
rElec   .            (no cloak)
rCorr   .            (no gloves)
SInv    .            (no boots)
Will    +....        (no amulet) Stlth
                     j - +6 ring of dexterity
HPRegen 0.28/turn    o - ring of poison resistance
MPRegen 0.09/turn

%: no passive effects
@: berserking, lethally poisoned (-2 -> -12), enlightened, flying, very quick
A: rugged brown scales 1, foul stench 1
a: no special abilities


You were on level 4 of the Dungeon.
You visited 1 branch of the dungeon, and saw 4 of its levels.

You collected 107 gold pieces.

Inventory:

Hand Weapons
 a - a +0 war axe (weapon)
Missiles
 d - 4 throwing nets
 e - 6 javelins
 i - 3 stones (quivered)
 p - 4 boomerangs
Armour
 b - a +0 leather armour
 c - a +0 helmet (worn)
 w - a +0 ring mail (worn)
Jewellery
 j - a +6 ring of dexterity (left hand)
 o - a ring of poison resistance (right hand)
Talismans
 s - a blade talisman
Scrolls
 h - 3 scrolls of acquirement {unknown}
 k - 3 scrolls of identify {unknown}
 l - 2 scrolls of fog {unknown}
 q - a scroll of fear {unknown}
 t - a scroll of enchant weapon {unknown}
 u - 2 scrolls of poison {unknown}
 v - 2 scrolls of teleportation {unknown}
Potions
 m - 2 potions of haste {unknown}
 n - 2 potions of curing {unknown}
 r - 2 potions of heal wounds {unknown}


   Skills:
 * Level 2.3 Fighting
 * Level 3.7 Axes
 * Level 2.1 Throwing
 * Level 1.2 Armour
 * Level 3.1 Dodging
 + Level 0.8 Stealth
 * Level 0.2 Shapeshifting


You had 3 spell levels left.
You didn't know any spells.
Your spell library contained the following spells:

 Spells                   Type           Power      Damage    Failure   Level
 Cigotuvi's Dreadful Rot  Necr/Pois/Air  0%         N/A       75%         2
 Dispel Undead            Necr           0%         3d6       100%        4
 Death Channel            Necr           0%         N/A       100%        6


Dungeon Overview and Level Annotations

Branches:
Dungeon (4/15)
 Temple: D:4-7

Altars:

Annotations:
D:4 Dowan, Duvessa


Innate Abilities, Weirdness & Mutations

You are partially covered in rugged brown scales. (AC +1, +3% HP)
You may rarely emit foul miasma when damaged in melee.


Message History

The stone hits Duvessa but does no damage.
You throw a stone.
The stone hits Duvessa but does no damage.
You throw a stone. The stone closely misses Duvessa.
The stone closely misses Dowan.
You throw a stone.
The stone hits Duvessa but does no damage.
You hit Duvessa.
Duvessa is lightly wounded.
Duvessa closely misses you. Duvessa hits you with a +0 short sword.
You closely miss Duvessa.
Duvessa is lightly wounded.
Duvessa closely misses you. Duvessa barely misses you.
You hit Duvessa.
Duvessa is lightly wounded.
Duvessa hits you with a +0 short sword! Duvessa hits you with a +0 short sword.
You hit Duvessa.
Duvessa is moderately wounded.
Duvessa hits you with a +0 short sword. Duvessa completely misses you.
You slash Duvessa!
Duvessa is heavily wounded.
Duvessa misses you. Duvessa completely misses you.
You hit Duvessa but do no damage.
Duvessa is heavily wounded.
Dowan gestures wildly while chanting.
Dowan blinks!
Duvessa hits you with a +0 short sword!
* * * LOW HITPOINT WARNING * * *
Dowan barely misses you.
It was a potion of enlightenment.
You feel very buoyant.
You fly up into the air.
Duvessa hits you but does no damage. Duvessa hits you with a +0 short sword.
* * * LOW HITPOINT WARNING * * *
Dowan hits you with a +1 dagger of venom.
* * * LOW HITPOINT WARNING * * *
You are lethally poisoned!
It was a potion of berserk rage.
A red film seems to cover your vision as you go berserk!
You feel yourself moving faster!
You feel mighty!
You die...

#.##..#.#........).#
#.##..#.#.###.#....#
#.##..#.##....#....#
#.##..#.......#....#
#.....####.#<.#.####
#####.# #..#.......+
#.# #.##....#### #.#
#e###..## #.# #@#
#..# #.# #e# #..#
#.# #.# ..# #.# #.#
..# #.# #.# #.# .[#
...


You could see Duvessa (fast) and Dowan.

Vanquished Creatures
  A gnoll (D:1)
  3 adders (D:2)
  3 worms (D:2)
  A dart slug (D:2)
  An orc (D:3)
  10 ball pythons
  9 endoplasms
  3 giant cockroaches (D:1)
  6 goblins
  2 hobgoblins (D:2)
  4 kobolds
  A quokka (D:1)
  4 bats
  2 frilled lizards (D:1)
  5 rats
55 creatures vanquished.

Notes
Turn   | Place    | Note
-------+----------+-------------------------------------------
     0 | D:1      | gelatine the Demonspawn Gladiator began the quest for the
                  | Orb.
     0 | D:1      | Reached XP level 1. HP: 16/16 MP: 1/1
    23 | D:1      | Found a faded altar of an unknown god.
   168 | D:1      | Gained mutation: You may rarely emit foul miasma when
                  | damaged in melee. [demonic ancestry]
   168 | D:1      | Reached XP level 2. HP: 20/22 MP: 2/2
   568 | D:1      | Reached XP level 3. HP: 10/27 MP: 3/3
  1190 | D:2      | Reached skill level 1 in Armour
  1390 | D:2      | Gained mutation: You are partially covered in rugged brown
                  | scales. (AC +1, +3% HP) [demonic ancestry]
  1390 | D:2      | Reached XP level 4. HP: 19/33 MP: 4/4
  2698 | D:4      | Noticed Dowan
  2700 | D:4      | Noticed Duvessa
  2711 | D:4      | HP: 1/33 [Dowan/+1 dagger of venom (1)]
  2712 | D:4      | Succumbed to Dowan's poison

Illustrated notes

Levels and vault maps discovered:
D:1:      dpeg_arrival_refuge, layout_loops_ring, ebering_ecumenical_altar_rust,
          serial_forest, infiniplex_forest_straight_2,
          infiniplex_forest_diagonal, infiniplex_forest_corner_1,
          infiniplex_forest_clump_double, infiniplex_forest_side_room,
          infiniplex_forest_lined_ring, infiniplex_forest_clump_tiny,
          infiniplex_forest_end_2, infiniplex_forest_straight_4,
          minmay_misc_feat_pillars
D:2:      layout_loops_ring
D:3:      layout_basic
D:4:      minmay_bubble_buster, layout_basic,
          mainiacjoe_overflow_six_doors_small, gammafunk_temple_of_torment,
          kennysheep_small_spiral, kennysheep_generic_room_13, uniq_duvessa,
          uniq_menkaure, uniq_grinder

Skill      XL: |  1  2  3 |
---------------+----------+-----
Dodging        | 3 |  3.1
Axes           | 3 |  3.7
Throwing       | 2 |  2.1
Armour         | 1 |  1.2
Fighting       | |  2.3
Stealth        | |  0.8
Shapeshifting  | |  0.2

Action                     |  1- 3 |  4- 6 || total
---------------------------+-------+-------++-------
  Melee: War axe           |    99 |    43 ||   142
         Punch             |     2 |       ||     2
  Throw: Stone             |    10 |    13 ||    23
         Boomerang         |     3 |     3 ||     6
    Use: Potion            |       |     2 ||     2
   Stab: Sleeping          |     7 |     1 ||     8
 Armour: Leather armour    |    24 |    10 ||    34
         Ring mail         |       |    11 ||    11
  Dodge: Dodged            |    62 |    34 ||    96

Table legend: (Time is in decaauts)
 A = Elapsed time spent in this place.
 B = Non-inter-level travel time spent in this place.
 C = Inter-level travel time spent in this place.
 D = Time resting spent in this place.
 E = Time spent auto-exploring this place.
 F = Levels seen in this place.
 G = Mean time per level.
                   A        B        C        D        E       F      G
               +--------+--------+--------+--------+--------+-----+--------+
         Total |   2757 |   2640 |    117 |      0 |   2105 |   4 |  689.2 |
       Dungeon |   2757 |   2640 |    117 |      0 |   2105 |   4 |  689.2 |
               +--------+--------+--------+--------+--------+-----+--------+

Top non-repeatable levels by time:
     D:1: 1055 daAuts
     D:3: 801 daAuts
     D:2: 786 daAuts
     D:4: 114 daAuts
